 Dungeon Crawl Stone Soup version 0.18-a0-1773-gec4f98e (webtiles) character file.

70 zxpr0jk the Chiller (level 4, -3/33 HPs)
             Began as a Draconian Ice Elementalist on Apr 15, 2016.
             Slain by an orc wizard
             ... wielding a +0 dagger
              (4 damage)
             ... on level 3 of the Dungeon.
             The game lasted 00:02:31 (1937 turns).

zxpr0jk the Chiller (Draconian Ice Elementalist)    Turns: 1937, Time: 00:02:32

Health: -3/33      AC:  5    Str: 10    XL:     4   Next: 3%
Magic:  2/8        EV: 12    Int: 16    God:
Gold:   89         SH:  0    Dex: 12    Spells: 1 memorised, 7 levels left

rFire  . . .     SeeInvis .     q - +0 short sword
rCold  . . .     Gourm    .     (armour unavailable)
rNeg   . . .     Faith    .     (no shield)
rPois  .         Spirit   .     (helmet restricted)
rElec  .         Dismiss  .     (no cloak)
rCorr  .         Reflect  .     (no gloves)
SustAt .         Harm     .     (no boots)
MR     .....                    (no amulet)
Stlth  ++........               (no ring)
                                (no ring)

@: slowed, invisible, very slow, not resistant to hostile enchantments,
unstealthy
A: unfitting armour, cold-blooded, AC +5
a: no special abilities


You were on level 3 of the Dungeon.
You were hungry.

You visited 1 branch of the dungeon, and saw 3 of its levels.

You collected 89 gold pieces.

Inventory:

Hand Weapons
 q - a +0 short sword (weapon)
Armour
 m - a +0 shield
Scrolls
 c - a scroll of identify {unknown}
 f - 2 scrolls of teleportation {unknown}
 h - a scroll of recharging {unknown}
 l - 3 scrolls of magic mapping {unknown}
Potions
 d - a potion of flight {unknown}
 e - a potion of magic {unknown}
 g - a potion of cancellation {unknown}
 j - a potion of invisibility
 k - a potion of might {unknown}
 o - a potion of ambrosia {unknown}
 r - a potion of heal wounds {unknown}
Books
 a - a book of Frost

   Spells                             Type                      Level
   a - Freeze                         Ice                          1
   b - Throw Frost                    Conjuration/Ice              2
   c - Ozocubu's Armour               Charms/Ice                   3
   d - Throw Icicle                   Conjuration/Ice              4
   e - Summon Ice Beast               Ice/Summoning                4
Comestibles
 b - 3 bread rations
 i - 2 meat rations
 n - 2 chunks of flesh
 p - a royal jelly


   Skills:
 - Level 1.7 Dodging
 - Level 1.7 Stealth
 + Level 2.9 Spellcasting
   Level 1.0 Conjurations
 * Level 4.2 Ice Magic


You had 7 spell levels left.
You knew the following spells:

 Your Spells              Type           Power        Failure   Level  Hunger
a - Freeze                Ice            ###.         3%          1    #......


Dungeon Overview and Level Annotations

Branches:
Dungeon (3/15)

Altars:


Innate Abilities, Weirdness & Mutations

Your plain brown scales are hard (AC +5).
Your body does not fit into most forms of armour.
You are cold-blooded and may be slowed by cold attacks.


Message History

Unknown command.
Casting: Freeze
Confirm with . or Enter, or press ? or * to list all spells.
Aiming: Freeze
Press: ? - help, Shift-Dir - straight line, f - orc wizard
Aim: an orc wizard, wielding a dagger and wearing a robe (fast)
You freeze the orc wizard.
The orc wizard is moderately wounded.
The orc wizard hits you but does no damage.
Something hits you but does no damage. The orc wizard hits you with a dagger.
* * * LOW HITPOINT WARNING * * *
Something hits you but does no damage. The orc wizard completely misses you.
Drink which item? (? for menu, Esc to quit)
It was a potion of invisibility.
You fade into invisibility!
Something hits you but does no damage. The orc wizard barely misses you.
Something hits you but does no damage. The orc wizard hits you with a dagger.
* * * LOW HITPOINT WARNING * * *
Something hits you.
You die...

#.##.#........ ...
#.###..#.....# #.#
#.####...###.###.#
.........# #.....#
#.######.###.###.#
#.# #.....#
#.###.### #.#
#.#.### #........
#.# ##.#.#
#o###.### #.#
#....# #@# #.#
#..### #{# .# #..#
#o# #..# #(# ...
#.# ## #.# #.# ...


You could see an orc wizard and an orc.

Vanquished Creatures
  2 adders (D:2)
  An ooze (D:3)
  3 worms (D:2)
  A dart slug (D:1)
  A giant gecko (D:3)
  2 orcs (D:3)
  6 bats
  4 hobgoblins
  5 kobolds
  A ball python (D:1)
  7 goblins
  2 rats
35 creatures vanquished.

Notes
Turn   | Place    | Note
--------------------------------------------------------------
     0 | D:1      | zxpr0jk the Draconian Ice Elementalist began the quest for the Orb.
     0 | D:1      | Reached XP level 1. HP: 14/14 MP: 3/3
   321 | D:1      | Reached XP level 2. HP: 18/20 MP: 3/5
  1175 | D:2      | Reached XP level 3. HP: 25/26 MP: 3/6
  1278 | D:2      | Reached skill level 4 in Ice Magic
  1921 | D:3      | Reached XP level 4. HP: 33/33 MP: 4/8
  1937 | D:3      | HP: 1/33 [orc wizard/dagger (1)]
  1937 | D:3      | Slain by an orc wizard

Vault maps used:
D:1:      lightli_molten_gateway
D:3:      good_gods_mini_temple, first_bread

Skill      XL: |  1  2  3 |
---------------+----------+-----
Ice Magic      | 4 |  4.2
Dodging        | |  1.7
Stealth        | |  1.7
Spellcasting   | |  2.9
Conjurations   | |  1.0

Action                   |  1- 3 |  4- 6 || total
-------------------------+-------+-------++-------
Melee: Dagger            |    33 |       ||    33
       Tailslap          |     8 |       ||     8
       Unarmed           |     1 |       ||     1
       Short sword       |     9 |    10 ||    19
 Cast: Freeze            |    44 |     5 ||    49
  Use: Potion            |       |     1 ||     1
 Stab: Sleeping          |     4 |       ||     4
  Eat: Chunk             |     3 |       ||     3
Armor: Skin              |    21 |    12 ||    33
Dodge: Dodged            |    40 |     9 ||    49
